 Dungeon Crawl Stone Soup version 0.29.0-11-gd7f09526c8 (webtiles) character file.

Game seed: 9462620273480156385

3897 groovy9 the Basher (level 10, -7/132 HPs)
             Began as a Troll Berserker on Sept 6, 2022.
             Was an Elder of Trog.
             Mangled by an orc warrior
             ... wielding a +0 glaive
              (13 damage)
             ... on level 7 of the Dungeon.
             The game lasted 01:04:03 (6078 turns).

groovy9 the Basher (Troll Berserker)                Turns: 6078, Time: 01:04:04

Health: -7/132     AC: 11    Str: 30    XL:     10   Next: 0%
Magic:  5/10       EV:  9    Int:  7    God:    Trog [****..]
Gold:   344        SH:  0    Dex:  8    Spells: 9/9 levels left

rFire   . . .      SeeInvis .   r - +0 great mace
rCold   . . .      Faith    .   (shield currently unavailable)
rNeg    + . .      Spirit   .   n - +0 swamp dragon scales
rPois   +          Reflect  .   u - +1 hat
rElec   .          Harm     .   g - +0 cloak
rCorr   .          Rampage  .   (gloves unavailable)
Will    +....                   (boots unavailable)
Stlth   ..........              (no amulet)
HPRegen 1.12/turn               y - ring of positive energy
MPRegen 0.12/turn               (no ring)

@: berserking (expiring), very quick
A: large, unfitting armour, claws 3, regeneration 1, shaggy fur 1, tough skin 1,
clever 1, high MP 1, strong-willed 1
a: Renounce Religion, Berserk, Trog's Hand, Brothers in Arms


You were on level 7 of the Dungeon.
You worshipped Trog.
Trog was greatly pleased with you.
You visited 2 branches of the dungeon, and saw 8 of its levels.

You collected 428 gold pieces.
You spent 84 gold pieces at shops.

Inventory:

Hand Weapons
 b - a +0 sling
 r - a +0 great mace (weapon)
Missiles
 d - 54 stones
 e - 4 atropa-tipped darts
 i - 21 poisoned darts (quivered)
Armour
 g - a +0 cloak (worn)
 n - +0 swamp dragon scales (worn)
 u - a +1 hat (worn)
Jewellery
 y - a ring of positive energy (left claw)
Wands
 a - a wand of mindburst (23)
 j - a wand of flame (32)
 o - a wand of charming (7)
 q - a wand of iceblast (17)
Scrolls
 h - 3 scrolls of poison
 p - 2 scrolls of blinking
 x - a scroll of butterflies
Potions
 c - a potion of haste
 f - a potion of magic {unknown}
 k - 2 potions of flight
 l - 2 potions of cancellation
 m - a potion of resistance
 s - a potion of curing
 t - 3 potions of lignification
 v - a potion of berserk rage {unknown}


   Skills:
 - Level 2.6 Fighting
 + Level 12.9 Maces & Flails
 + Level 1.5 Armour
 - Level 2.6 Dodging
 - Level 0.2 Stealth
 + Level 1.3 Evocations


You had 9 spell levels left.
You didn't know any spells.
Your spell library contained the following spells:

 Spells                   Type           Power      Damage    Failure   Level
 Magic Dart               Conj           0%         1d3       54%         1
 Necrotise                Necr           0%         1d4       54%         1
 Call Imp                 Summ           0%         N/A       69%         2
 Poisonous Vapours        Pois/Air       0%         N/A       69%         2
 Inner Flame              Hex/Fire       0%         N/A       89%         3
 Mephitic Cloud           Conj/Pois/Air  0%         N/A       89%         3
 Swiftness                Air            0%         N/A       89%         3
 Vampiric Draining        Necr           0%         2d6       89%         3
 Anguish                  Hex/Necr       0%         N/A       100%        4
 Cause Fear               Hex            0%         N/A       100%        4
 Corpse Rot               Necr/Pois/Air  0%         N/A       100%        4
 Agony                    Necr           0%         N/A       100%        5
 Borgnjor's Vile Clutch   Necr/Erth      0%         N/A       100%        5
 Discord                  Hex            0%         N/A       100%        8
 Necromutation            Tmut/Necr      0%         N/A       100%        8


Dungeon Overview and Level Annotations

Branches:
Dungeon (7/15)             Temple (1/1) D:6

Altars:
Ashenzari
Dithmenos
Elyvilon
Fedhas
Kikubaaqudgha
Makhleb
Qazlal
Trog
Vehumet
Zin

Shops:
D:2 (   D:6 ((=[

Annotations:
D:7 SensoryNuts's ghost, novice OpFi


Innate Abilities, Weirdness & Mutations

You are too large for most types of armour.
You have claws for hands.
Your natural rate of healing is unusually fast.
You are covered in fur. (AC +1)
You have tough skin. (AC +1)
Your mind is acute. (Int +4, Str/Dex -1)
You have an increased reservoir of magic. (+10% MP)
You are strong-willed. (Will+)


Message History

You closely miss SensoryNuts's ghost.
The orc warrior hits you but does no damage.
SensoryNuts's ghost hits you.
The gnoll sergeant hits you from afar with a +0 spear.
The orc warrior hits you from afar with a +0 glaive!
You are too berserk!
You bludgeon the orc warrior!!
The orc warrior is severely wounded.
You sock the orc warrior!
You kill the orc warrior!
Trog accepts your kill.
The gnoll sergeant hits you from afar with a +0 spear.
The orc warrior hits you from afar with a +0 glaive.
SensoryNuts's ghost hits you but does no damage.
You have reached level 10!
You barely miss SensoryNuts's ghost.
The gnoll sergeant hits you from afar with a +0 spear!
* * * LOW HITPOINT WARNING * * *
The orc warrior hits you from afar with a +0 glaive!
* * * LOW HITPOINT WARNING * * *
SensoryNuts's ghost hits you.
* * * LOW HITPOINT WARNING * * *
You miss SensoryNuts's ghost.
The gnoll sergeant hits you but does no damage.
The orc warrior hits you from afar with a +0 glaive!!
* * * LOW HITPOINT WARNING * * *
SensoryNuts's ghost barely misses you.
You sock SensoryNuts's ghost!
SensoryNuts's ghost is moderately damaged.
You barely miss SensoryNuts's ghost.
SensoryNuts's ghost is moderately damaged.
The gnoll sergeant hits you but does no damage.
The orc warrior hits you but does no damage.
SensoryNuts's ghost hits you but does no damage.
You closely miss SensoryNuts's ghost.
SensoryNuts's ghost is moderately damaged.
The gnoll sergeant hits you from afar with a +0 spear.
* * * LOW HITPOINT WARNING * * *
The orc warrior hits you from afar with a +0 glaive!
You die...

... ... ## .. #### ..
##.. #...## .#### #..
#......# .....# #. #..
..# #.... ...... ..
##.##..#≈#....##.....#
#.
##..#...#$...o..#.....#
.. #..©#....$_
#g)W#©....# # ####.
#...#..##$..§##@#....##
#.#.... #...##.#≈#.
###....# ###.#.##.
#....# #
....?.......... #....##
..... ......>.
#.....###
..#########.#....
##.......# ........#
#.###.. ............
........###......
###.........
............#..# #
##........
...............


You could see an orc warrior, a gnoll sergeant and SensoryNuts's ghost.

Vanquished Creatures
  A moth of wrath (D:7)
  Maggie (D:6)
  Grinder (D:5)
  Sigmund (D:3)
  6 yaks (D:5)
  A water moccasin (D:6)
  2 orc warriors
  An ice beast (D:5)
  A phantom (D:5)
  A kobold brigand (D:5)
  Blork the orc (D:6)
  A necrophage (D:6)
  A gnoll sergeant (D:7)
  2 scorpions
  8 wights
  A jelly (D:5)
  3 hounds
  3 orc priests
  Crazy Yiuf (D:2)
  5 orc wizards
  Jessica (D:2)
  3 iguanas
  Ijyb (D:3)
  Natasha (D:2)
  6 adders
  7 gnolls
  2 shadow imps (D:6)
  4 white imps (D:6)
  4 ufetubi
  A worm (D:3)
  2 dart slugs
  8 orcs
  6 ball pythons
  8 endoplasms
  4 giant cockroaches
  10 goblins
  8 hobgoblins
  8 jackals
  15 kobolds
  A quokka (D:3)
  4 bats
  13 frilled lizards
  4 rats
163 creatures vanquished.

Vanquished Creatures (collateral kills)
  2 gnolls (D:4)
  An orc (D:4)
  A jackal (D:4)
4 creatures vanquished.

Vanquished Creatures (others)
  3 demonic plants (D:6)
  6 plants (D:2)
9 creatures vanquished.

Grand Total: 176 creatures vanquished

Notes
Turn   | Place    | Note
-------+----------+-------------------------------------------
     0 | D:1      | groovy9 the Troll Berserker began the quest for the Orb.
     0 | D:1      | Reached XP level 1. HP: 22/22 MP: 0/0
    54 | D:1      | Reached XP level 2. HP: 22/29 MP: 1/1
    88 | D:1      | Found a faded altar of an unknown god.
   105 | D:1      | Reached skill level 3 in Maces & Flails
   287 | D:1      | Reached XP level 3. HP: 36/36 MP: 2/2
   892 | D:2      | Noticed Jessica
   991 | D:2      | Reached ** piety under Trog
  1016 | D:2      | Found Muebbap's Antique Weapon Shoppe.
  1226 | D:2      | Killed Jessica
  1227 | D:2      | Reached skill level 4 in Maces & Flails
  1227 | D:2      | Reached XP level 4. HP: 44/44 MP: 3/3
  1378 | D:2      | Got the Lessons on Diablerie and the Lungs
  1600 | D:2      | Noticed Natasha
  1619 | D:2      | Killed Natasha
  1699 | D:2      | Found a runed translucent door.
  1700 | D:2      | Noticed Crazy Yiuf
  1713 | D:2      | Killed Crazy Yiuf
  1714 | D:2      | Reached XP level 5. HP: 46/50 MP: 4/4
  1853 | D:2      | Gained mutation: You are strong-willed. (Will+) [potion of
                  | mutation]
  1853 | D:2      | Gained mutation: Your mind is acute. (Int +4, Str/Dex -1)
                  | [potion of mutation]
  1853 | D:2      | Gained mutation: You have an increased reservoir of magic.
                  | (+10% MP) [potion of mutation]
  2033 | D:3      | Reached skill level 5 in Maces & Flails
  2248 | D:3      | Noticed Ijyb
  2256 | D:3      | Found a stormy altar of Qazlal.
  2339 | D:3      | Killed Ijyb
  2419 | D:3      | Noticed Sigmund
  2432 | D:3      | Killed Sigmund
  2433 | D:3      | Reached skill level 6 in Maces & Flails
  2433 | D:3      | Reached XP level 6. HP: 51/59 MP: 5/5
  2901 | D:3      | Found an ancient bone altar of Kikubaaqudgha.
  2966 | D:4      | Reached *** piety under Trog
  3148 | D:4      | Reached skill level 7 in Maces & Flails
  3172 | D:4      | Reached XP level 7. HP: 41/66 MP: 6/6
  3233 | D:4      | Found a white marble altar of Elyvilon.
  3557 | D:4      | Found a glowing silver altar of Zin.
  3634 | D:5      | Entered Level 5 of the Dungeon
  3701 | D:5      | Noticed a yak
  3714 | D:5      | Killed a yak
  3715 | D:5      | Reached skill level 8 in Maces & Flails
  3721 | D:5      | Noticed a yak
  3722 | D:5      | Noticed a yak
  3724 | D:5      | Noticed a yak
  3724 | D:5      | Noticed a yak
  3728 | D:5      | Noticed a yak
  3734 | D:5      | Killed a yak
  3742 | D:5      | Killed a yak
  3743 | D:5      | Reached XP level 8. HP: 22/74 MP: 7/7
  3750 | D:5      | Reached skill level 9 in Maces & Flails
  3850 | D:5      | Noticed Grinder
  3867 | D:5      | Killed Grinder
  3868 | D:5      | Reached skill level 10 in Maces & Flails
  4159 | D:5      | Reached skill level 1 in Evocations
  4288 | D:5      | Found a burning altar of Makhleb.
  4445 | D:5      | Reached XP level 9. HP: 80/80 MP: 8/8
  4557 | D:6      | Noticed Blork the orc
  4567 | D:6      | Killed Blork the orc
  4599 | D:6      | Found a staircase to the Ecumenical Temple.
  4606 | D:6      | Found Filax's Antique Armour Emporium.
  4634 | D:5      | Reached skill level 11 in Maces & Flails
  4896 | D:6      | Noticed Maggie
  4940 | D:6      | HP: 3/80 [Maggie/+0 broad axe (14)]
  4945 | D:6      | Killed Maggie
  4946 | D:6      | Reached skill level 12 in Maces & Flails
  5049 | D:6      | Found Mefuraok's Weapon Boutique.
  5060 | D:6      | Bought a +0 great mace for 84 gold pieces
  5361 | D:6      | Found a bloodstained altar of Trog.
  5396 | D:6      | Found Juuf's Antique Weapon Boutique.
  5396 | D:6      | Found Matoag's Jewellery Emporium.
  5565 | Temple   | Entered the Ecumenical Temple
  5971 | D:7      | Reached **** piety under Trog
  6054 | D:7      | Found a transporter.
  6060 | D:7      | Found a bloodstained altar of Trog.
  6063 | D:7      | Noticed a moth of wrath
  6063 | D:7      | Noticed SensoryNuts's ghost (novice OpFi)
  6065 | D:7      | Killed a moth of wrath
  6066 | D:7      | Reached skill level 1 in Armour
  6074 | D:7      | Reached XP level 10. HP: 42/88 MP: 5/10
  6075 | D:7      | HP: 5/132 [orc warrior/+0 glaive (19)]
  6078 | D:7      | Mangled by an orc warrior

Illustrated notes

Levels and vault maps discovered:
D:1:      kennysheep_arrival_seaside, layout_loops_ring,
          shapermc_ecumenical_altar_totnotflames, minmay_misc_feat_rugged
D:2:      layout_basic, serial_shops, shop, minmay_lizard_king, uniq_jessica,
          uniq_crazy_yiuf_cottage, uniq_natasha
D:3:      layout_basic, mainiacjoe_overflow_alcove_4, lemuel_tele_altar,
          uniq_ijyb, uniq_sigmund
D:4:      layout_rooms, mainiacjoe_overflow_tiny_flanked,
          mainiacjoe_overflow_boulevard, minmay_misc_feat_more_columns
D:5:      cheibrodos_thug_alley, layout_basic, kennysheep_mini_moat,
          uniq_grinder
D:6:      layout_cave_pools, trog_book, minmay_temple_entry_offerings,
          serial_shops, shop, nicolae_shop_stone, shop_fountains,
          nicolae_square_shop, serial_demonic, serial_demonic_b,
          serial_demonic_e, serial_demonic_e, serial_demonic_d, minivault_22,
          nrook_campfire, minmay_checkerbox, uniq_blork_the_orc, uniq_maggie
D:7:      layout_basic, gammafunk_ghost_wrathful_warriors
Temple:   nicolae_temple_bog_church

Skill      XL: |  1  2  3  4  5  6  7  8  9 |
---------------+----------------------------+-----
Maces & Flails | 3 4 6 7 8 10 12 | 12.9
Evocations     | 1 |  1.3
Armour         | 1 |  1.5
Fighting       | |  2.6
Dodging        | |  2.6
Stealth        | |  0.2

Action                   |  1- 3 |  4- 6 |  7- 9 | 10-12 || total
-------------------------+-------+-------+-------+-------++-------
Melee: Mace              |    75 |   234 |   295 |       ||   604
       Punch             |       |     2 |     1 |       ||     3
       Great mace        |       |       |    63 |     5 ||    68
 Fire: Sling             |     1 |       |     2 |       ||     3
Invok: Trog's Hand       |     1 |       |     4 |       ||     5
       Berserk           |       |     2 |     7 |       ||     9
Evoke: Wand              |       |     3 |     3 |       ||     6
  Use: Scroll            |     3 |     6 |     7 |       ||    16
       Potion            |       |     2 |     6 |       ||     8
 Stab: Sleeping          |       |       |     1 |       ||     1
Armor: Animal skin       |    17 |    54 |    59 |       ||   130
       Swamp dragon scal |       |       |    27 |     4 ||    31
       Skin              |       |       |    12 |       ||    12
Dodge: Dodged            |    35 |    92 |   148 |     1 ||   276
